 Dungeon Crawl Stone Soup version 0.23.2-40-g277498a001 (webtiles) character file.

Game seed: 4224372668284425978

111 Demagog the Cudgeler (level 4, -3/28 HPs)
             Began as a Gargoyle Berserker on Sept 23, 2019.
             Was a Believer of Trog.
             Slain by a gnoll
             ... wielding a +0 halberd
              (12 damage)
             ... on level 2 of the Dungeon.
             The game lasted 00:07:37 (2720 turns).

Demagog the Cudgeler (Gargoyle Berserker)           Turns: 2720, Time: 00:07:38

Health: -3/28      AC:  9    Str: 21    XL:     4   Next: 92%
Magic:  4/4        EV: 10    Int:  7    God:    Trog [**....]
Gold:   39         SH:  3    Dex: 10    Spells: 3/3 levels left

rFire    . . .     SeeInvis .   a - +0 mace
rCold    . . .     Gourm    .   i - +0 buckler
rNeg     + . .     Faith    .   l - +0 ring mail (curse)
rPois    ∞         Spirit   .   (no helmet)
rElec    +         Reflect  .   (no cloak)
rCorr    .         Harm     .   (no gloves)
MR       .....                  (no boots)
Stlth    +.........             (no amulet)
HPRegen  0.09/turn              (no ring)
MPRegen  0.09/turn              (no ring)

@: berserk cooldown, slowed, very slow
A: negative energy resistance 1, electricity resistance, unbreathing,
petrification resistance, rot immunity, AC +3
a: Berserk, Trog's Hand, Renounce Religion


You were on level 2 of the Dungeon.
You worshipped Trog.
Trog was pleased with you.
You were very hungry.

You visited 1 branch of the dungeon, and saw 3 of its levels.

You collected 39 gold pieces.

Inventory:

Hand Weapons
 a - a +0 mace (weapon)
 f - a +0 hunting sling
 j - a +0 hunting sling
Missiles
 d - 47 arrows
 g - 21 bolts
 h - 11 sling bullets
 k - 23 stones (quivered)
Armour
 b - a +0 animal skin
 i - a +0 buckler (worn)
 l - a cursed +0 ring mail (worn)
Jewellery
 n - an uncursed ring of positive energy {unknown}
Scrolls
 r - 2 scrolls of teleportation
Potions
 e - a potion of resistance {unknown}
 m - a potion of degeneration {unknown}
 o - a potion of brilliance {unknown}
 p - a potion of might {unknown}
Comestibles
 c - 6 rations


   Skills:
 + Level 3.6 Fighting
 * Level 4.1 Maces & Flails
 * Level 1.6 Slings
 * Level 2.5 Armour
 + Level 1.8 Dodging
 + Level 1.4 Stealth
 + Level 0.1 Shields


You had 3 spell levels left.
You didn't know any spells.
Your spell library was empty.

Dungeon Overview and Level Annotations

Branches:
Dungeon (3/15)

Altars:
Vehumet


Innate Abilities, Weirdness & Mutations

You are resistant to torment.
Your stone body is resilient. (AC +3)
You are immune to poison.
You resist negative energy. (rN+)
You are resistant to electric shocks. (rElec)
You can survive without breathing.
You are immune to petrification.
You are immune to rotting.


Message History

The gnoll hits you but does no damage. You block the gnoll's attack.
Things that are here:
9 stones; a gnoll corpse You closely miss the gnoll.
The gnoll hits you with a +0 spear.
You hit the gnoll.
The gnoll is heavily wounded.
The gnoll hits you but does no damage. x2
You hit the gnoll.
The gnoll is severely wounded.
The gnoll closely misses you. The gnoll hits you with a +0 spear.
You barely miss the gnoll.
The gnoll is severely wounded.
You sock the gnoll!
You kill the gnoll!
Trog accepts your kill. The gnoll closely misses you.
You are no longer berserk.
You are exhausted.
You feel yourself slow down. The gnoll hits you with a +0 halberd!
You die...

. #..####......###########.... ..
#..####.####................ ...
#...##..# ##.....########...
....##.#..(.####...##...........#
......((.#........## #..........#
(...##...#>#......#####.........#
... ##..............##......>..#
... ##...(...g..<..............
... #.###...(@.#..............
#..### #.###.(..(................
#...###.##..##<.#....#......†).#
#..........###...##.#.........#
#.#....##....(..###...........#
#.#..........#.## ###.###.#....
#............#.. #.# #.#....
#..##.###...........#.# #.#....
##..#.........####. .#.# #.#....


You could see a gnoll.

Vanquished Creatures
  Jessica (D:2)
  An adder (D:2)
  2 gnolls (D:2)
  An ooze (D:2)
  2 worms (D:2)
  2 dart slugs (D:1)
  A leopard gecko (D:1)
  7 bats
  A giant cockroach (D:1)
  8 hobgoblins
  6 kobolds
  5 frilled lizards
  5 goblins
  3 rats
45 creatures vanquished.

Notes
Turn   | Place    | Note
-------+----------+-------------------------------------------
     0 | D:1      | Demagog the Gargoyle Berserker began the quest for the Orb.
     0 | D:1      | Reached XP level 1. HP: 14/14 MP: 1/1
   422 | D:1      | Reached XP level 2. HP: 16/19 MP: 2/2
  1026 | D:1      | Reached XP level 3. HP: 23/23 MP: 3/3
  1449 | D:2      | Reached ** piety under Trog
  1650 | D:2      | Reached skill level 4 in Maces & Flails
  1977 | D:2      | Found a radiant altar of Vehumet.
  2050 | D:2      | Reached skill level 1 in Stealth
  2050 | D:2      | Reached XP level 4. HP: 28/28 MP: 4/4
  2134 | D:2      | Noticed Jessica
  2147 | D:2      | Killed Jessica
  2147 | D:2      | Reached skill level 1 in Slings
  2720 | D:2      | Slain by a gnoll

Skill      XL: |  1  2  3  4 |
---------------+-------------+-----
Maces & Flails | 4 |  4.1
Stealth        | 1 |  1.4
Slings         | 1 |  1.6
Fighting       | |  3.6
Armour         | |  2.5
Dodging        | |  1.8
Shields        | |  0.1

Action                   |  1- 3 |  4- 6 || total
-------------------------+-------+-------++-------
Melee: Mace              |    86 |    29 ||   115
 Fire: Hunting sling     |    34 |    12 ||    46
Throw: Stone             |       |     2 ||     2
Invok: Berserk           |       |     1 ||     1
  Use: Scroll            |     2 |     1 ||     3
  Eat: Chunk             |     2 |       ||     2
       Ration            |     1 |       ||     1
Armor: Animal skin       |    40 |     6 ||    46
       Ring mail         |       |     7 ||     7
Dodge: Dodged            |    79 |    26 ||   105
Block: Buckler           |    14 |     7 ||    21
